Unix xNetHack Version 7.1.0 - last build Dec 11 2022 15:18:36 (91bc4d2507b4b34ac92889b06d50a936f6bde808). Game began 2022-12-18 00:38:30, ended 2022-12-18 06:36:33. UristMcRaven, chaotic female elven Wizard --------------------------------- |..........).............)......| +.------------........-----.....| |.| |..-........|...|.....| |.| |..|........|...|.%...| |.| | |. |........|...|.....| |.---|-- -----........|...|.....| |.....................--.--.....| |..........{......{.............| |...........-|----....-|-----+-.| |.--|------.|....|.---|...| |.| |.| .. |.|.@..|.| .|...| |.| |.| .. |.|.@..|.|..|...| |.| |.| ..| +.|....|.-..|...| |.| |.---------.------.------------.| |...............................| --------------------------------- UristMcRaven the Thaumaturge St:5 Dx:13 Co:16 In:15 Wi:15 Ch:12 Chaotic S:5040 Dlvl:6 $:326 HP:0(50) Pw:79(79) AC:7 Xp:7/1091 T:5337 Burdened Latest messages: That door is closed. You see here a partly eaten gnomish wizard corpse. In what direction? You kill the gnome! You kill the giant ant! You see here a partly eaten gnomish wizard corpse. In what direction? The spell misses the gnomish wizard. In what direction? The spell hits the gnomish wizard! You kill the gnomish wizard! There is a partly eaten gnomish wizard corpse here; eat it? y You resume your meal. You finish eating the gnomish wizard corpse. You see here a gnomish wizard corpse. There is a gnomish wizard corpse here; eat it? y Blecch! Rotten food! The world spins and goes dark. You are conscious again. You see here a partly eaten gnomish wizard corpse. There is a partly eaten gnomish wizard corpse here; eat it? y You resume your meal. You finish eating the gnomish wizard corpse. What do you want to eat? Never mind. That door is closed. That door is closed. That door is closed. That door is closed. The priestess of Thoth intones: "Pilgrim, you enter a sacred place!" You have a forbidding feeling... There is an altar to Thoth (neutral) here. Wizards aren't able to use two weapons at once. You miss the priestess of Thoth. The priestess of Thoth gets angry! The priestess of Thoth wields a mace! The priestess of Thoth kicks! The air crackles around the priestess of Thoth. The priestess of Thoth swings her mace. The priestess of Thoth strikes you! You recoil from the touch of iron! The priestess of Thoth kicks! The priestess of Thoth points at you, then curses. The priestess of Thoth swings her mace. The priestess of Thoth hits you! You recoil from the touch of iron! You die... Do you want your possessions identified? y Do you want to see your attributes? q Major events: Turn 1: UristMcRaven the chaotic male elven Wizard entered the dungeon 655: attained the rank of Conjurer (level 3) 747: entered the Gnomish Mines 2570: attained the rank of Thaumaturge (level 6) 4668: chose an elven dagger to be named "Sting" 4967: reached Mine Town 5070: destroyed zoya's ghost, the former Field Worker 5337: killed by a priestess of Thoth Inventory: Inventory: 795/575 weight (47/52 slots) Coins ('$') $ - 326 gold pieces {3} Weapons (')') U - 8 uncursed +0 darts {8} R - an uncursed +0 silver dart {1} o - 7 uncursed +0 shuriken (at the ready) {7} F - 4 blessed +1 daggers {40} E - 3 uncursed +1 daggers {30} p - 7 uncursed +0 daggers {70} L - a cursed -2 dagger {10} Q - the uncursed +0 Sting (weapon in hand) {5} Armor ('[') K - an uncursed +0 pair of plastic dwarvish boots (being worn) {9} n - an uncursed -5 pair of levitation boots {15} T - an uncursed +0 pair of cloth water walking boots {10} a - an uncursed +0 cloak of magic resistance (being worn) {8} C - an uncursed +0 leather light armor (being worn) {113} Comestibles ('%') M - 2 uncursed apples {4} D - 3 uncursed pears {6} Scrolls ('?') f - a cursed scroll of confuse monster {5} q - an uncursed scroll of enchant armor {5} g - an uncursed scroll of light {5} Spellbooks ('+') b - a blessed spellbook of force bolt {35} h - an uncursed spellbook of haste self {45} c - an uncursed spellbook of healing {35} Potions ('!') w - an uncursed potion of gain ability {20} r - a cursed potion of gain energy {20} i - a cursed potion of invisibility {20} j - an uncursed potion of monster detection {20} B - an uncursed potion of object detection {20} v - 2 uncursed potions of water {40} Rings ('=') x - an uncursed +1 ring of carrying {3} k - a blessed +3 ring of gain constitution {3} l - an uncursed -2 ring of gain constitution {3} Tools ('(') y - an uncursed horn of plenty (0:6) {18} e - an uncursed bugle {10} S - an uncursed leather blindfold {3} s - an uncursed leash {12} d - an uncursed magic marker (0:97) {2} z - an uncursed +0 pick-axe {100} G - an uncursed tallow candle {2} Gems/Stones ('*') H - an uncursed agate stone {1} m - 3 uncursed worthless pieces of black glass {3} A - 2 uncursed worthless pieces of blue glass {2} N - an uncursed worthless piece of orange glass {1} I - a cursed worthless piece of orange glass {1} O - an uncursed worthless piece of violet glass {1} J - an uncursed worthless piece of white glass {1} P - an uncursed worthless piece of yellow glass {1} t - an uncursed worthless piece of yellowish brown glass {1} u - 9 uncursed flint stones {18} UristMcRaven the Wizard's attributes: Background: You were a Thaumaturge, a level 7 female elven Wizard. You were chaotic, on a mission for Anhur who was opposed by Ptah (lawful) and Thoth (neutral). You started out male. You were heterosexual. You were in the Gnomish Mines, on level 6. You entered the dungeon 5337 turns ago. You had 1091 experience points, 189 more were needed to attain level 8. Your score was 5040 before end-of-game adjustments. Basics: You had 0 out of 50 hit points. You had all 79 energy points (spell power). Your armor class was 7. Your wallet contained 326 zorkmids. Autopickup was on for '$' plus thrown, with exceptions. Final Characteristics: Your strength was 5 (peak:8, limit:18). Your dexterity was 13 (limit:18). Your constitution was 16 (limit:16). Your intelligence was 15 (limit:20). Your wisdom was 15 (limit:20). Your charisma was 12 (limit:18). Final Status: You were not hungry. You were burdened; movement was slightly slowed. You were wielding a dagger. You were unskilled in dagger. Final Attributes: You were piously aligned. You were magic-protected. You were sleep resistant. You were telepathic. You were aware of the presence of orcs. You had infravision. You were warded. You were harmed by iron. You are dead. Miscellaneous: You encountered 1 bones level. Total elapsed playing time was 2 hours, 26 minutes and 2 seconds. Vanquished creatures: a quivering blob a wolf a leprechaun an owlbear a dingo a jaguar a blue jelly a dust vortex a ghost a human zombie a bugbear a Mordor orc a rock piercer a yellow light a shrieker a violet fungus 5 gnome leaders 2 gnomish wizards 3 gray oozes 2 giant ants a floating eye 7 dwarves a kobold leader a kobold shaman 5 iguanas 2 gas spores 4 hobbits a manes 2 hobgoblins 3 cave spiders a yellow mold a green mold 2 red molds 29 gnomes a gecko 6 jackals a fox 4 goblins 2 sewer rats 8 grid bugs a bat 4 lichens 2 kobold zombies 9 newts 126 creatures vanquished. No species were genocided or became extinct. Voluntary challenges: You read items or engraved 3 times. You never genocided any monsters. You never polymorphed an object. You never changed form. You used no wishes. You never owned a pet. You never scared an enemy with impunity. You were celibate. You never generated conflict. Achievements: You attained the rank of Conjurer. You entered the Gnomish Mines. You entered a shop. You attained the rank of Thaumaturge. You entered Minetown. You entered a temple. The Dungeons of Doom: levels 1 to 8 Level 1: Level 2: "vault tp" An altar, a tree. Stairs down to The Gnomish Mines. Level 3: A general store, a grave. Level 4: Level 5: A weapon shop. Level 6: Level 7: An altar. Level 8: A fountain. The Gnomish Mines: levels 3 to 6 Level 3: Level 4: Level 5: Level 6: <- You were here. A temple, some fountains. Final resting place for you, killed by a priestess of Thoth, UmberConductor-Wiz-Hum-Fem-Cha, killed by a giant spider, while praying, zoya-Arc-Dwa-Mal-Law, killed by a giant spider, Merlek-Val-Hum-Fem-Law, killed by a large cat called Mr. Norrell, zoya-Arc-Dwa-Mal-Law, killed by a giant spider. Game over: __________ / \ / REST \ / IN \ / PEACE \ / \ | UristMcRaven | | 326 Au | | killed by a | | priestess of | | Thoth | | | | 2022 | *| * * * | * _________)/\\_//(\/(/\)/\//\/|_)_______ Goodbye UristMcRaven the Wizard... You died in The Gnomish Mines on dungeon level 6 with 5008 points, and 326 pieces of gold, after 5337 moves. You were level 7 with a maximum of 50 hit points when you died.